AoeStats
← elchinaleikazo

Arena

510320249Analyzed
4v4 RM · 2d ago on Sep 30, 2026· 39m 7s· 8 players
Game mode
Random Map
Map size
Large (8 player)
Population
200
Speed
Normal
Resources
Standard
Victory
Conquest
Starting age
Dark Age
Ending age
Imperial Age
RankedLock teamsTeams togetherTeam positionsShared explorationLock speedFull tech treeHidden civsTurbo modeCheats
Victory
Defeat
🇭🇰 Cumans · Hong Kong SAR China
1595
+11
🇦🇷 Saxons · Argentina
1486
+16
🇭🇰 Celts · Hong Kong SAR China
1443
+17
🇭🇰 Italians · Hong Kong SAR China
1298
+23
🇦🇷 Chinese · Argentina
1500
-18
🇨🇳 Cumans · China
1485
-17
🇹🇷 Turks · Türkiye
1477
-17
🇩🇪 Khmer · Germany
1432
-15
Anatoly
11:50 Feudal Age
15:55 Castle Age
14:38 Double-Bit Axe
20:37 Imperial Age
18:22 Gold Mining
19:02 Horse Collar
20:06 Padded Archer Armor
27:33 Loom
32:23 Wheelbarrow
33:07 Leather Archer Armor
34:46 Ballistics
Krabbel
11:40 Feudal Age
14:40 Castle Age
13:03 Horse Collar
13:30 Double-Bit Axe
15:41 Bow Saw
15:32 Heavy Plow
19:30 Wheelbarrow
22:07 Scale Barding Armor
22:13 Forging
23:35 Hand Cart
26:08 Gold Mining
26:09 Stone Mining
26:47 Husbandry
27:39 Chain Barding Armor
28:12 Fletching
31:09 Imperial Age
29:10 Bloodlines
29:22 Bodkin Arrow
30:28 Gold Shaft Mining
29:57 Herbal Medicine
30:54 Ballistics
31:50 Double Crossbow
31:13 Heavy Scorpion
32:53 Conscription
32:35 Bracer
33:59 Chemistry
34:47 Siege Engineers
elchinaleikazo
0:27 Loom
10:29 Feudal Age
14:42 Castle Age
13:33 Double-Bit Axe
15:09 Horse Collar
16:04 Bow Saw
18:38 Fletching
21:59 Bodkin Arrow
22:05 Padded Archer Armor
26:51 Wheelbarrow
27:10 Heavy Plow
31:25 Imperial Age
29:44 Leather Archer Armor
31:00 Thumb Ring
31:12 Hand Cart
32:11 Bracer
33:14 Chemistry
32:35 Ballistics
33:24 Chemistry
32:57 Ring Archer Armor
35:58 Elite Chu Ko Nu
37:52 Conscription
hoot
8:55 Feudal Age
9:25 Double-Bit Axe
10:48 Horse Collar
13:13 Loom
14:08 Wheelbarrow
20:39 Castle Age
19:49 Stone Mining
23:38 Bow Saw
23:37 Heavy Plow
28:33 Imperial Age
26:28 Gold Mining
26:46 Steppe Husbandry
26:58 Fletching
27:09 Padded Archer Armor
27:04 Town Watch
27:49 Bodkin Arrow
29:35 Gold Shaft Mining
30:39 Bloodlines
31:58 Leather Archer Armor
32:05 Ballistics
33:14 Conscription
32:14 Elite Kipchak
34:21 Chemistry
33:28 Thumb Ring
33:49 Parthian Tactics
36:30 Two-Man Saw
36:01 Crop Rotation
36:23 Ring Archer Armor
勤奮的兔兔
10:13 Feudal Age
14:40 Castle Age
12:53 Horse Collar
13:09 Double-Bit Axe
15:36 Bow Saw
19:40 Wheelbarrow
24:15 Gold Mining
24:28 Heavy Plow
26:19 Gold Shaft Mining
26:03 Hand Cart
25:34 Loom
30:17 Imperial Age
27:48 Scale Mail Armor
27:50 Stone Mining
28:12 Forging
28:20 Loom
28:26 Loom
28:26 Town Watch
28:57 Chain Mail Armor
28:48 Scale Barding Armor
30:00 Iron Casting
28:50 Pikeman
29:17 Gambesons
31:31 Plate Mail Armor
30:30 Halberdier
31:28 Fortified Wall
31:14 Capped Ram
32:16 Siege Ram
35:16 Blast Furnace
36:37 Coinage
Joe523c
5:06 Loom
11:20 Feudal Age
15:11 Castle Age
13:57 Fletching
14:07 Double-Bit Axe
14:47 Horse Collar
23:43 Imperial Age
22:45 Bodkin Arrow
24:39 Padded Archer Armor
25:21 Ballistics
26:44 Leather Archer Armor
28:52 Elite Skirmisher
31:43 Bracer
32:59 Scale Mail Armor
34:01 Gold Mining
36:26 Chemistry
Andy
8:27 Feudal Age
9:08 Double-Bit Axe
9:13 Horse Collar
20:26 Castle Age
19:07 Scale Barding Armor
19:39 Wheelbarrow
18:55 Gold Mining
20:07 Bloodlines
20:57 Forging
21:37 Chain Barding Armor
21:45 Bow Saw
22:36 Hand Cart
25:06 Forging
30:58 Imperial Age
28:13 Loom
30:17 Iron Casting
31:58 Cavalier
33:14 Plate Barding Armor
33:27 Paladin
36:34 Blast Furnace
中國香港玩家
10:24 Feudal Age
9:21 Loom
14:03 Castle Age
12:59 Double-Bit Axe
15:03 Bow Saw
16:25 Fletching
17:23 Scale Mail Armor
19:17 Bodkin Arrow
20:51 Chain Mail Armor
21:06 Horse Collar
21:47 Squires
23:47 Wheelbarrow
25:19 Hand Cart
25:39 Heavy Plow
28:29 Town Watch
29:29 Gold Mining
30:11 Arson
30:51 Stone Mining
32:26 Gold Shaft Mining
32:13 Forging
33:38 Iron Casting
36:56 Imperial Age
34:56 Padded Archer Armor
34:46 Elite Skirmisher
37:32 Leather Archer Armor
37:39 Bracer
37:08 Elite Hearth Troop
38:54 Plate Mail Armor
38:57 Ballistics
40:02 Conscription
40:44 Two-Man Saw
Connection lost

Rejoining the realm…

Still unreachable

The connection could not be restored.

Session expired

The server has moved on; the page needs a fresh start.